 Dungeon Crawl Stone Soup version 0.30-b1-2-g02819fbbbe (webtiles) character file.

Game seed: 16339527358168143364

92 LLlMATKO the Chopper (level 4, 0/41 HPs)
             Began as a Minotaur Berserker on June 9, 2023.
             Was a Believer of Trog.
             Slain by Sigmund
             ... wielding a +0 scythe
              (5 damage)
             ... on level 3 of the Dungeon.
             The game lasted 00:02:32 (2184 turns).

LLlMATKO the Chopper (Minotaur Berserker)           Turns: 2184, Time: 00:02:33

Health: 0/41       AC:  3    Str: 23    XL:     4   Next: 35%
Magic:  0/3        EV: 11    Int:  4    God:    Trog [**....]
Gold:   75         SH:  0    Dex: 10    Spells: 3/3 levels left

rFire   . . .        a - +0 hand axe
rCold   . . .        m - +0 kite shield
rNeg    . . .        b - +0 animal skin
rPois   .            (helmet restricted)
rElec   .            (no cloak)
rCorr   .            n - +0 pair of gloves
SInv    .            (no boots)
Will    .....        f - amulet of guardian spirit
Stlth   +            (no ring)
HPRegen 0.26/turn    (no ring)
MPRegen 0.08/turn

%: guardian spirit
@: confused, on berserk cooldown, slowed, very slow
A: horns 2, retaliatory headbutt
a: Renounce Religion, Berserk, Trog's Hand


You were on level 3 of the Dungeon.
You worshipped Trog.
Trog was pleased with you.
You visited 1 branch of the dungeon, and saw 3 of its levels.

You collected 75 gold pieces.

Inventory:

Hand Weapons
 a - a +0 hand axe (weapon)
Missiles
 e - 5 javelins (quivered)
Armour
 b - a +0 animal skin (worn)
 m - a +0 kite shield (worn)
 n - a +0 pair of gloves (worn)
Jewellery
 d - a ring of resist corrosion
 f - an amulet of guardian spirit (around neck)
 g - a ring of positive energy
 p - a ring of protection from cold
Scrolls
 c - 2 scrolls of fear {unknown}
 k - a scroll of poison {unknown}
 l - a scroll of identify {unknown}
 o - a scroll of magic mapping {unknown}
 q - a scroll of fog {unknown}
 r - a scroll of enchant armour {unknown}
Potions
 h - 3 potions of heal wounds {unknown}
 i - 2 potions of curing {unknown}
 j - a potion of attraction {unknown}


   Skills:
 + Level 4.3 Fighting
 + Level 4.3 Axes
 + Level 3.4 Armour
 + Level 3.1 Dodging
 + Level 1.0 Shields


You had 3 spell levels left.
You didn't know any spells.
Your spell library was empty.

Dungeon Overview and Level Annotations

Branches:
Dungeon (3/15)

Altars:

Annotations:
D:3 Sigmund


Innate Abilities, Weirdness & Mutations

You have a pair of horns on your head.
You reflexively headbutt those who attack you in melee.


Message History

Sigmund mumbles some strange words.
Sigmund flickers and vanishes!
Deactivating autopickup; reactivate with Ctrl-A.
You barely miss something. Something hits you!
Unknown command.
You miss something.
Unknown command.
You miss something. Something hits you.
Unknown command.
You closely miss something.
Unknown command.
You miss something. Something hits you.
Unknown command.
You miss something.
Unknown command.
You slash something! Your headbutt misses something.
You hear some strange, mumbled words.
A magic dart appears from out of thin air!
The magic dart hits you.
Unknown command.
You closely miss something.
You are no longer berserk.
You are exhausted.
You feel yourself slow down. Something hits you!
* * * LOW HITPOINT WARNING * * *
Unknown command.
You hit something.
You hear some strange, mumbled words.
A puff of flame appears from out of thin air!
The puff of flame misses you.
You hit something.
You hear some strange, mumbled words.
You are confused.
Unknown command.
Something hits you!
* * * LOW HITPOINT WARNING * * *
Something hits you.
* * * LOW HITPOINT WARNING * * *
Something hits you.
You die...

#. #.# #.. #.# #.#
#####.####
.##.....)..######.
.[.....{..<..."...
#....!@...######.
##...<.#..#
#.....#..#
###.###..# #. ...#
#. ##.. # ####


There were no monsters in sight!

Vanquished Creatures
  4 adders (D:2)
  A worm (D:2)
  3 ball pythons
  4 bats
  5 endoplasms
  4 giant cockroaches
  7 hobgoblins
  3 jackals (D:2)
  2 kobolds
  3 quokkas
  3 frilled lizards (D:1)
  3 goblins
  7 rats
49 creatures vanquished.

Notes
Turn   | Place    | Note
-------+----------+-------------------------------------------
     0 | D:1      | LLlMATKO the Minotaur Berserker began the quest for the
                  | Orb.
     0 | D:1      | Reached XP level 1. HP: 19/19 MP: 0/0
    78 | D:1      | Reached XP level 2. HP: 23/27 MP: 1/1
   590 | D:2      | Reached XP level 3. HP: 16/33 MP: 2/2
  1108 | D:2      | Reached ** piety under Trog
  1174 | D:2      | Reached XP level 4. HP: 28/40 MP: 3/3
  1394 | D:2      | Reached skill level 1 in Shields
  2164 | D:3      | Noticed Sigmund
  2184 | D:3      | Slain by Sigmund

Illustrated notes

Levels and vault maps discovered:
D:1:      minmay_arrival_four_houses, layout_basic, st_stairs_13
D:2:      minmay_alternating_diamond, layout_basic, serial_rivers,
          chequers_serial_rivers_small_a, chequers_serial_rivers_room_b,
          chequers_serial_rivers_micro_e, chequers_serial_rivers_small_a,
          chequers_serial_rivers_large_a, chequers_serial_rivers_micro_e,
          minmay_close_crescents
D:3:      layout_loops_ring, uniq_sigmund, uniq_robin

Skill      XL: |  1  2  3  4 |
---------------+-------------+-----
Fighting       | 4 |  4.3
Axes           | 4 |  4.3
Armour         | 3 |  3.4
Dodging        | 3 |  3.1
Shields        | 1 |  1.0

Action                     |  1- 3 |  4- 6 || total
---------------------------+-------+-------++-------
  Melee: Hand axe          |    39 |    33 ||    72
         Headbutt          |     1 |     3 ||     4
  Throw: Javelin           |    38 |     5 ||    43
 Invoke: Berserk           |     1 |     2 ||     3
 Armour: Animal skin       |    11 |     5 ||    16
  Dodge: Dodged            |    22 |    11 ||    33
  Block: Kite shield       |     5 |     6 ||    11
